 Dungeon Crawl Stone Soup version 0.31-a0-986-g5e6e4ef867 (webtiles) character file.

Game seed: 4758299284954780635

2965 strifetoe the Skirmisher (level 10, -10/81 HPs)
             Began as a Meteoran Hunter on Nov 12, 2023.
             Was a Believer of Nemelex Xobeh.
             Mangled by a komodo dragon (25 damage)
             ... on level 8 of the Dungeon.
             The game lasted 00:21:21 (3707 turns).

strifetoe the Skirmisher (Meteoran Hunter)          Turns: 3707, Time: 00:21:22

Health: -10/81     AC:  8    Str: 18    XL:     10   Next: 29%
Magic:  15/15      EV: 16    Int: 10    God:    Nemelex Xobeh [**....]
Gold:   267        SH:  0    Dex: 30    Spells: 9/9 levels left

rFire   + . .        a - +2 sling of Nightmares {freeze, rN+ Dex+2}
rCold   . . .        (no shield)
rNeg    + . .        t - +2 leather armour of Meosyi {rElec rF+}
rPois   .            n - +1 helmet
rElec   +            w - +0 cloak
rCorr   .            (no gloves)
SInv    .            (no boots)
Will    +....        g - amulet of the acrobat
Stlth   +            e - +6 ring of dexterity
HPRegen 0.33/turn    l - ring "Unkegugg" {Fly Str+4}
MPRegen 0.14/turn

%: acrobat
@: flying, glowing
A: sense surroundings 2, otherworldly, glowing, explore regen
a: Renounce Religion, Draw Escape, Draw Destruction, Draw Summoning


You were on level 8 of the Dungeon.
You worshipped Nemelex Xobeh.
Nemelex Xobeh was pleased with you.
You visited 2 branches of the dungeon, and saw 9 of its levels.

You collected 267 gold pieces.

Inventory:

Hand Weapons
 a - the +2 sling of Nightmares (weapon) {freeze, rN+ Dex+2}
   (You found it on level 6 of the Dungeon)

   Dex+2:     It affects your dexterity (+2).
   rN+:       It protects you from negative energy.
 b - a +3 dagger of venom
Missiles
 o - 5 silver javelins
Armour
 c - a +0 leather armour
 n - a +1 helmet (worn)
 t - the +2 leather armour of Meosyi (worn) {rElec rF+}
   (You found it on level 5 of the Dungeon)

   rF+:       It protects you from fire.
   rElec:     It insulates you from electricity.
 w - a +0 cloak (worn)
Jewellery
 e - a +6 ring of dexterity (left hand)
 g - an amulet of the acrobat (around neck)
 l - the ring "Unkegugg" (right hand) {Fly Str+4}
   (You found it on level 2 of the Dungeon)

   [ring of flight]

   Str+4:     It affects your strength (+4).
   Fly:       It grants you flight.
 p - a +6 ring of strength
 s - a ring of magical power
Wands
 m - a wand of iceblast (4)
 r - a wand of quicksilver (10)
 x - a wand of paralysis (10)
 y - a wand of flame (27)
Scrolls
 f - a scroll of immolation
 h - 2 scrolls of identify
 j - a scroll of butterflies
 q - 3 scrolls of enchant armour
 u - 2 scrolls of poison
 v - a scroll of fog
Potions
 d - a potion of might {unknown}
 i - 2 potions of mutation {unknown}
 k - a potion of enlightenment


   Skills:
 - Level 5.0 Fighting
 + Level 12.5 Ranged Weapons
 - Level 5.0 Dodging
 - Level 0.6 Stealth
 - Level 6.2 Invocations


You had 9 spell levels left.
You didn't know any spells.
Your spell library contained the following spells:

 Spells                   Type           Power      Damage    Failure   Level
 Necrotise                Necr           0%         1d4       41%         1
 Vampiric Draining        Necr           0%         2d6       80%         3
 Agony                    Necr           0%         N/A       100%        5


Dungeon Overview and Level Annotations

Branches:
Dungeon (8/15) Zot: 1133   Temple (1/1) D:4 Zot: 563
   Lair: D:8-11

Altars:
Ashenzari
Cheibriados
Elyvilon
Fedhas
Gozag
Hepliaklqana
Kikubaaqudgha
Makhleb
Nemelex Xobeh
Okawaru
Qazlal
Ru
Trog
Uskayaw
Vehumet
Wu Jian
Xom
Yredelemnul
Zin
The Shining One

Shops:
D:7 :

Annotations:
D:6 Blork the orc
D:8 3 runed translucent doors


Innate Abilities, Weirdness & Mutations

You passively map the area around you.
You are easily found by Zot.
You glow in the dark.
You regain HP and MP as you explore.


Message History

You shoot a sling bullet. The sling bullet hits the bullfrog!
The sling bullet freezes the bullfrog.
You kill the bullfrog!
The komodo dragon is no longer moving slowly.
You shoot a sling bullet.
The sling bullet hits the komodo dragon.
The sling bullet freezes the komodo dragon.
The komodo dragon is lightly wounded.
You shoot a sling bullet.
The sling bullet hits the komodo dragon but does no damage.
The komodo dragon is lightly wounded.
The komodo dragon bites you!!
* * * LOW HITPOINT WARNING * * *
You are too injured to fight recklessly!
Unknown command.
You are too injured to fight recklessly!
Okay, then.
Okay, then.
Okay, then.
Okay, then.
Okay, then.
Okay, then.
Okay, then.
Aiming: Quicksilver Bolt
Press: ? - help, Shift-Dir - straight line, f/p - komodo dragon
Aim: a komodo dragon (lightly wounded, 79% to hit)
The bolt of dispelling energy hits the komodo dragon!
The komodo dragon is moderately wounded.
The komodo dragon bites you!
* * * LOW HITPOINT WARNING * * *
You feel better.
The komodo dragon completely misses you.
Aiming: Quicksilver Bolt
Press: ? - help, Shift-Dir - straight line, f/p - komodo dragon
Aim: a komodo dragon (moderately wounded, 79% to hit)
The bolt of dispelling energy hits the komodo dragon!
The komodo dragon is heavily wounded.
The komodo dragon bites you!!
You die...
Your body glows slightly brighter and disappears.

### ###.#### ##......###
###.........##
##............#
###...#...@...###
###...###....l..## ##...###
###......# * * ##...##
##...†.# * * ###.....##
##....# , * #...#....##
#.......... * ..###.....##
##......... , .## #......####
#......... ##
##........##*................


You could see a komodo dragon.

Vanquished Creatures
  An elephant (D:8)
  Grinder (D:6)
  A wyvern (D:8)
  A yak (D:6)
  A steam dragon (D:8)
  A water moccasin (D:8)
  2 black bears
  An ice beast (D:7)
  An orc warrior (D:8)
  3 sky beasts (D:7)
  2 kobold brigands
  2 phantoms
  3 bullfrogs
  2 scorpions
  4 killer bees (D:8)
  3 hounds
  2 orc priests
  A sleepcap (D:6)
  An iguana (D:6)
  4 orc wizards
  A gnoll (D:6)
  7 adders
  2 ufetubi (D:4)
  A worm (D:2)
  4 dart slugs
  21 orcs
  3 ball pythons
  3 bat zombies (D:7)
  3 endoplasms
  4 giant cockroaches
  2 goblins
  2 hobgoblins (D:2)
  8 jackals
  14 kobolds
  5 quokkas
  A bat (D:2)
  2 frilled lizards (D:2)
  3 rats
  A rat zombie (D:7)
124 creatures vanquished.

Notes
Turn   | Place    | Note
-------+----------+-------------------------------------------
     0 | D:1      | strifetoe the Meteoran Hunter began the quest for the Orb.
     0 | D:1      | Reached XP level 1. HP: 17/17 MP: 2/2
   122 | D:1      | Reached XP level 2. HP: 24/24 MP: 3/3
   174 | D:1      | Found a faded altar of an unknown god.
   191 | D:1      | Reached skill level 5 in Ranged Weapons
   224 | D:1      | Reached XP level 3. HP: 29/29 MP: 4/4
   315 | D:2      | Identified the ring "Unkegugg" {Fly Str+4}
   475 | D:2      | Reached XP level 4. HP: 26/36 MP: 5/5
   664 | D:3      | Reached skill level 6 in Ranged Weapons
   903 | D:4      | Found a staircase to the Ecumenical Temple.
   966 | D:3      | Reached XP level 5. HP: 9/41 MP: 6/6
  1302 | Temple   | Entered the Ecumenical Temple
  1322 | Temple   | Became a worshipper of Nemelex Xobeh the Trickster
  1497 | D:5      | Entered Level 5 of the Dungeon
  1497 | D:5      | Noticed a phantom
  1500 | D:5      | Killed a phantom
  1501 | D:5      | Reached skill level 7 in Ranged Weapons
  1501 | D:5      | Reached XP level 6. HP: 48/48 MP: 7/7
  1530 | D:4      | HP: 1/48 [ufetubus (3)]
  1544 | D:4      | Reached skill level 8 in Ranged Weapons
  1779 | D:5      | Found an iron altar of Okawaru.
  1779 | D:5      | Noticed a black bear
  1841 | D:5      | Reached XP level 7. HP: 55/55 MP: 8/8
  1913 | D:5      | Reached * piety under Nemelex Xobeh
  1918 | D:5      | Identified the +2 leather armour of Meosyi {rElec rF+}
  2016 | D:6      | Noticed Blork the orc
  2070 | D:6      | Received a gift from Nemelex Xobeh
  2119 | D:6      | Noticed a yak
  2120 | D:6      | Noticed a yak
  2122 | D:6      | Noticed a yak
  2126 | D:6      | Killed a yak
  2127 | D:6      | Reached skill level 1 in Invocations
  2153 | Bailey   | Identified the "Vyerhum"
  2166 | D:6      | Noticed Grinder
  2183 | D:6      | Reached XP level 8. HP: 29/63 MP: 10/10
  2194 | D:6      | Killed Grinder
  2202 | D:6      | Identified the +2 sling of Nightmares {freeze, rN+ Dex+2}
  2253 | D:7      | Reached skill level 9 in Ranged Weapons
  2528 | D:7      | Gained mutation: You passively map the area around you.
                  | [Meteoran growth]
  2528 | D:7      | Reached XP level 9. HP: 60/72 MP: 13/13
  2631 | D:7      | Reached skill level 5 in Fighting
  2631 | D:7      | Reached skill level 5 in Dodging
  2681 | D:7      | Reached skill level 5 in Invocations
  2784 | D:7      | Reached skill level 10 in Ranged Weapons
  2789 | D:7      | Found Adig's Book Emporium.
  2857 | D:7      | Found an ancient bone altar of Kikubaaqudgha.
  2988 | D:7      | Reached ** piety under Nemelex Xobeh
  3090 | D:8      | Noticed a komodo dragon
  3106 | D:7      | Reached skill level 11 in Ranged Weapons
  3259 | D:8      | Reached XP level 10. HP: 79/81 MP: 15/15
  3381 | D:8      | Noticed an elephant
  3622 | D:8      | Found a runed translucent gate.
  3622 | D:8      | Found a runed translucent gate.
  3622 | D:8      | Found a runed translucent gate.
  3622 | D:8      | Noticed a manticore
  3622 | D:8      | Noticed a manticore
  3622 | D:8      | Noticed a manticore
  3623 | D:8      | Noticed a manticore
  3623 | D:8      | Noticed a manticore
  3687 | D:8      | Killed an elephant
  3688 | D:8      | Reached skill level 12 in Ranged Weapons
  3707 | D:8      | Mangled by a komodo dragon

Illustrated notes

Levels and vault maps discovered:
D:1:      elethiomel_arrival_infinity_welcomes_careful_drivers, layout_rooms,
          dreamdust_ecumenical_altar_angels_and_demons
D:2:      layout_basic, minmay_tromino_v4_b
D:3:      layout_basic
D:4:      layout_basic, minmay_temple_entry_ruins, serial_curves,
          eino_curves_04, eino_curves_04, eino_curves_03,
          chequers_serial_rivers_micro_c
D:5:      layout_rooms, mainiacjoe_overflow_catwalk_spiral,
          nicolae_sif_muna_condensation, due_unseen_surprise
D:6:      layout_loops_cross, nicolae_ossuary_entry_monument, uniq_grinder,
          uniq_blork_the_orc, uniq_menkaure
D:7:      layout_basic, lemuel_zombie_altar_kikubaaqudgha, enter_bailey_2,
          serial_shops, shop
D:8:      lemuel_bear_cage, layout_cave_pods, grunt_lair_entry_orc_guard_hut
Temple:   regret_index_temple_mists

Skill      XL: |  1  2  3  4  5  6  7  8  9 10 |
---------------+-------------------------------+-----
Ranged Weapons | 5 6 7 8 9 11 12 | 12.5
Fighting       | 3 4 5 |  5.0
Dodging        | 3 4 5 |  5.0
Invocations    | 2 4 6 |  6.2
Stealth        | |  0.6

Action                     |  1- 3 |  4- 6 |  7- 9 | 10-12 || total
---------------------------+-------+-------+-------+-------++-------
  Melee: Dagger            |     5 |    50 |    27 |       ||    82
         Punch             |       |     1 |     1 |       ||     2
   Fire: Shortbow          |    74 |    60 |    47 |       ||   181
         Sling             |       |       |   145 |    62 ||   207
 Invoke: Draw Destruction  |       |       |     3 |       ||     3
         Draw Escape       |       |       |     2 |       ||     2
  Evoke: Wand              |       |     3 |     5 |     2 ||    10
    Use: Scroll            |       |     7 |     4 |     1 ||    12
         Potion            |       |     2 |     4 |     1 ||     7
 Armour: Leather armour    |    43 |    76 |   121 |    42 ||   282
         Skin              |       |    35 |       |       ||    35
  Dodge: Dodged            |    45 |   107 |   128 |    33 ||   313

Table legend: (Time is in decaauts)
 A = Elapsed time spent in this place.
 B = Non-inter-level travel time spent in this place.
 C = Inter-level travel time spent in this place.
 D = Time resting spent in this place.
 E = Time spent auto-exploring this place.
 F = Levels seen in this place.
 G = Mean time per level.
                   A        B        C        D        E       F      G
               +--------+--------+--------+--------+--------+-----+--------+
         Total |   3701 |   3642 |     59 |    352 |      0 |   9 |  411.2 |
       Dungeon |   3665 |   3606 |     59 |    352 |      0 |   8 |  458.1 |
        Temple |     36 |     36 |      0 |      0 |      0 |   1 |   36.0 |
               +--------+--------+--------+--------+--------+-----+--------+

Top non-repeatable levels by time:
     D:7: 906 daAuts
     D:3: 584 daAuts
     D:8: 550 daAuts
     D:4: 547 daAuts
     D:5: 321 daAuts
     D:2: 283 daAuts
     D:1: 262 daAuts
     D:6: 209 daAuts
  Temple: 36 daAuts
